 Dungeon Crawl Stone Soup version 0.28.0-53-g5a82cb258f (webtiles) character file.

Game seed: 11382063624157157041

37 jjjjhere the Sneak (level 3, -3/21 HPs)
             Began as a Kobold Brigand on Aug 26, 2022.
             Was a Believer of Lugonu.
             Slain by Jessica
             ... wielding a +0 club
              (4 damage)
             ... on level 2 of the Dungeon.
             The game lasted 00:01:37 (1393 turns).

jjjjhere the Sneak (Kobold Brigand)                 Turns: 1393, Time: 00:01:37

Health: -3/21      AC:  4    Str: 10    XL:     3   Next: 60%
Magic:  3/3        EV: 14    Int: 12    God:    Lugonu [**....]
Gold:   49         SH:  0    Dex: 16    Spells: 2/2 levels left

rFire   . . .      SeeInvis .   a - +2 dagger
rCold   . . .      Faith    .   (no shield)
rNeg    . . .      Spirit   .   b - +0 robe
rPois   .          Reflect  .   (no helmet)
rElec   .          Harm     .   f - +0 cloak
rCorr   +          Rampage  .   i - +0 pair of gloves
Will    .....                   (no boots)
Stlth   ++++......              (no amulet)
HPRegen 0.07/turn               h - ring of resist corrosion
MPRegen 0.08/turn               (no ring)

@: no status effects
A: small, no large weapons, nightstalker 3
a: Renounce Religion, Depart the Abyss, Bend Space


You were on level 2 of the Dungeon.
You worshipped Lugonu.
Lugonu was pleased with you.
You visited 1 branch of the dungeon, and saw 2 of its levels.

You collected 49 gold pieces.

Inventory:

Hand Weapons
 a - a +2 dagger (weapon)
Missiles
 d - 6 poisoned darts (quivered)
 e - 2 curare-tipped darts
Armour
 b - a +0 robe (worn)
 c - a +0 cloak
 f - a +0 cloak (worn)
 i - a +0 pair of gloves (worn)
Jewellery
 h - a ring of resist corrosion (left hand)
Scrolls
 j - a scroll of torment {unknown}
 k - a scroll of acquirement {unknown}


   Skills:
 - Level 2.1 Fighting
 + Level 4.0 Short Blades
 - Level 2.1 Throwing
 - Level 1.2 Dodging
 + Level 6.2 Stealth


You had 2 spell levels left.
You didn't know any spells.
Your spell library contained the following spells:

 Spells                   Type           Power      Damage    Failure   Level
 Sting                    Tmut/Pois      0%         1d3       32%         1


Dungeon Overview and Level Annotations

Branches:
Dungeon (2/15)

Altars:
Lugonu

Annotations:
D:2 Jessica


Innate Abilities, Weirdness & Mutations

You are small and have problems with some larger weapons.
You are completely attuned to the shadows.


Message History

You are too injured to fight recklessly!
Things that are here:
a +0 short sword; a kobold corpse Jessica gestures wildly while chanting.
Jessica blinks!
Throw: 8 darts (poison)
Press: ? - help, Q - select action, (/) - cycle Shift-Dir - straight line, f - Jessica
Aim: Jessica, wielding a +0 club and wearing a +0 robe (lightly wounded, 62% to hit)
You throw a poisoned dart.
The poisoned dart barely misses Jessica.
Jessica hits you with a +0 club.
Throw: 7 darts (poison)
Press: ? - help, Q - select action, (/) - cycle Shift-Dir - straight line, f/p - Jessica
Aim: Jessica, wielding a +0 club and wearing a +0 robe (lightly wounded, 62% to hit)
You throw a poisoned dart. The poisoned dart hits Jessica.
Jessica is poisoned.
Jessica is lightly wounded.
Jessica hits you with a +0 club.
* * * LOW HITPOINT WARNING * * *
There is a stone staircase leading up here.
Space bends around you!
You blink.
Jessica barely misses you.
You fail to use your ability.
Jessica casts a spell.
Jessica seems to speed up.
Space bends around you!
You blink.
Jessica closely misses you. x2
You fail to use your ability.
Jessica completely misses you.
Hit: a) +2 dagger
Press: ? - help, Dir - move target, f/p - Jessica
Aim: Jessica, wielding a +0 club and wearing a +0 robe (heavily wounded, fast, poisoned, about 31% to evade your +2 dagger)
Okay, then.
It was a potion of magic.
Magic courses through your body. Jessica misses you.
Jessica hits you with a +0 club.
* * * LOW HITPOINT WARNING * * *
You hit Jessica.
Jessica is almost dead.
Jessica looks more healthy.
Jessica hits you with a +0 club.
You die...

.......[.. #......
........# ######## #.#####
........#....#......# #.# #
....†.).##.#.#.##...# ###.#
#
.#####...#.#.#.#....#.#...#
#
#...#.#.#.#......#.#######
#...#.#..<#.##.#.#.#......
....>(..(..#....#.#<#.#####
####..#...@@.......###.#
#..###########......# #..#
#..##### #.. #..### #....#
#.##.# #....# ######


You could see Jessica (fast).

Vanquished Creatures
  2 dart slugs (D:1)
  4 endoplasms (D:1)
  A giant cockroach (D:2)
  3 hobgoblins (D:1)
  4 jackals (D:1)
  4 kobolds
  3 ball pythons (D:1)
  2 bats
  3 frilled lizards (D:1)
  3 goblins (D:1)
  3 rats (D:1)
32 creatures vanquished.

Notes
Turn   | Place    | Note
-------+----------+-------------------------------------------
     0 | D:1      | jjjjhere the Kobold Brigand began the quest for the Orb.
     0 | D:1      | Reached XP level 1. HP: 12/12 MP: 1/1
   132 | D:1      | Found a faded altar of an unknown god.
   137 | D:1      | Got Plato's Handbook of Transformation
   138 | D:1      | Prayed at the altar of an unknown god.
   138 | D:1      | Became a worshipper of Lugonu the Unformed
   138 | D:1      | Reached * piety under Lugonu
   138 | D:1      | Reached ** piety under Lugonu
   155 | D:1      | Reached XP level 2. HP: 12/17 MP: 2/2
   755 | D:1      | Reached skill level 6 in Stealth
   755 | D:1      | Reached XP level 3. HP: 19/21 MP: 3/3
  1367 | D:2      | Noticed Jessica
  1384 | D:2      | HP: 6/21 [Jessica/+0 club (5)]
  1392 | D:2      | HP: 1/21 [Jessica/+0 club (2)]
  1393 | D:2      | Slain by Jessica

Illustrated notes

Levels and vault maps discovered:
D:1:      dpeg_arrival_rooms_a, layout_basic,
          shapermc_ecumenical_altar_rom_forum
D:2:      layout_basic, serial_shops, nicolae_shop_hallway_plus,
          kennysheep_cross_room, hangedman_decor_peaks_small, chequers_avenue,
          chequers_mini_garden, uniq_sigmund, uniq_jessica

Skill      XL: |  1  2  3 |
---------------+----------+-----
Short Blades   | 3 4 |  4.0
Stealth        | 6 |  6.2
Fighting       | |  2.1
Throwing       | |  2.1
Dodging        | |  1.2

Action                   || total
-------------------------++-------
Melee: Dagger            ||   100
Throw: Dart              ||     2
Invok: Bend Space        ||     2
  Use: Potion            ||     1
 Stab: Sleeping          ||    10
Armor: Robe              ||    21
Dodge: Dodged            ||    64
